 Dungeon Crawl Stone Soup version 0.29-a0-284-gf9362112df (webtiles) character file.

Game seed: 15811312101679930641

50 Zonian the Ducker (level 4, -1/31 HPs)
             Began as a Djinni Hedge Wizard on Mar 29, 2022.
             Was a Follower of Fedhas.
             Slain by a jackal (2 damage)
             ... on level 2 of the Dungeon.
             The game lasted 00:05:15 (2382 turns).

Zonian the Ducker (Djinni Hedge Wizard)             Turns: 2382, Time: 00:05:17

Health: -1/31      AC:  2    Str:  9    XL:     4   Next: 4%
Gold:   72         EV: 13    Int: 16    God:    Fedhas [*.....] SH:  0 Dex: 14

rFire   + + +      SeeInvis .   e - +0 dagger (vamp)
rCold   x . .      Faith    .   (no shield)
rNeg    . . .      Spirit   .   b - +0 robe
rPois   ∞          Reflect  .   c - +0 hat
rElec   .          Harm     .   (no cloak)
rCorr   .          Rampage  .   (no gloves)
Will    .....                   (boots unavailable)
Stlth   ++........              (no amulet)
HPRegen 0.10/turn               g - ring of protection from fire
MPRegen 0.00/turn               (no ring)

@: flying
A: sickness immunity, fire resistance 2, cold vulnerability 1, float, innate
caster, HP casting, extra vitality 1
a: Renounce Religion


You were on level 2 of the Dungeon.
You worshipped Fedhas.
Fedhas was aware of your devotion.
You visited 1 branch of the dungeon, and saw 2 of its levels.

You collected 72 gold pieces.

Inventory:

Hand Weapons
 a - a +0 dagger
 e - a +0 vampiric dagger (weapon)
 f - a +1 dagger of venom
 h - a +2 hand axe of venom
 l - a +0 falchion
Armour
 b - a +0 robe (worn)
 c - a +0 hat (worn)
Jewellery
 g - a ring of protection from fire (left hand)
Scrolls
 d - a scroll of magic mapping
 j - a scroll of noise
Potions
 m - a potion of mutation


   Skills:
 + Level 3.0 Dodging
 + Level 2.3 Stealth
 + Level 2.8 Spellcasting
 + Level 0.4 Invocations


You couldn't memorise any spells.
You knew the following spells:

 Your Spells              Type           Power      Damage    Failure   Level
a - Magic Dart            Conj           44%        1d5       6%          1
b - Blink                 Tloc           22%        N/A       9%          2
c - Call Imp              Summ           11%        N/A       9%          2
d - Slow                  Hex            44%        N/A       6%          1
e - Conjure Flame         Conj/Fire      11%        6-21      17%         3
f - Mephitic Cloud        Conj/Pois/Air  11%        N/A       17%         3
g - Beastly Appendage     Tmut           22%        N/A       6%          1
Your spell library was empty.

Dungeon Overview and Level Annotations

Branches:
Dungeon (2/15)

Altars:
Fedhas


Innate Abilities, Weirdness & Mutations

You are immune to sickness and miasma.
You are immune to poison.
Your flesh is very heat resistant. (rF++)
You are vulnerable to cold. (rC-)
You float through the air rather than walking.
You learn spells naturally, not from books.
Your magical power is your life essence.
You have superior vitality. (+4 MHP)


Message History

You hit the bat but do no damage.
The bat is moderately wounded.
The bat hits you but does no damage.
Unknown command.
Okay, then.
As you read the scroll labelled CAMEEN DOTA, it crumbles to dust.
You feel strangely unstable.
It was a scroll of teleportation.
The bat completely misses you.
A ball python comes into view.
The gnoll throws a throwing net.
The throwing net closely misses you. The goblin closely misses you.
The bat barely misses you. The goblin completely misses you.
The bat misses you. The goblin attacks as you move away!
The goblin closely misses you.
You hit the goblin.
You kill the goblin!
Fedhas appreciates your contribution to the ecosystem.
Your surroundings suddenly seem different.
A goblin, 2 jackals and a kobold come into view.
The goblin is wielding a +0 dagger of venom.
Found five items.
The jackal barks!
The kobold shouts!
The goblin shouts!
You miss the jackal.
The jackal barks!
The jackal closely misses you.
The jackal bites you but does no damage. x2
You hear a shout!
Unknown command.
Your +1 dagger of venom stops dripping with poison.
You feel a sense of dread.
e - a +0 vampiric dagger (weapon)
Unknown command.
You barely miss the jackal. The jackal closely misses you.
The jackal barely misses you.
A hobgoblin comes into view.
The kobold hits you with a +0 club.
* * * LOW HITPOINT WARNING * * *
The jackal misses you. The jackal bites you.
You die...
Fedhas appreciates your contribution to the ecosystem.

....#....
#...#....
......... #
........# g# .
?..$....##.##..
#.(...........#
#........###
#...@h.....#
#...Kh.....#
#..(...[...#
#.....##g..#
#.....# ..#
......# .#
.......# #
........#


You could see 2 jackals, a hobgoblin, a goblin and a kobold.

Vanquished Creatures
  A gnoll (D:2)
  2 dart slugs
  6 ball pythons
  2 bats
  4 endoplasms (D:1)
  2 giant cockroaches (D:1)
  4 goblins
  4 hobgoblins
  4 kobolds
  4 rats (D:1)
33 creatures vanquished.

Vanquished Creatures (others)
  25 plants (D:2)
25 creatures vanquished.

Grand Total: 58 creatures vanquished

Notes
Turn   | Place    | Note
-------+----------+-------------------------------------------
     0 | D:1      | Zonian the Djinni Hedge Wizard began the quest for the Orb.
     0 | D:1      | Reached XP level 1. HP: 15/15 MP: 0/0
   727 | D:1      | Reached XP level 2. HP: 4/21 MP: 0/0
  1554 | D:1      | Reached XP level 3. HP: 19/25 MP: 0/0
  1554 | D:1      | Learned a level 1 spell: Beastly Appendage
  2161 | D:1      | Found a faded altar of an unknown god.
  2165 | D:1      | Prayed at the altar of an unknown god.
  2165 | D:1      | Became a worshipper of Fedhas Madash
  2165 | D:1      | Reached * piety under Fedhas
  2365 | D:2      | Reached skill level 3 in Dodging
  2365 | D:2      | Reached XP level 4. HP: 5/31 MP: 0/0
  2366 | D:2      | HP: 1/31 [gnoll/+0 spear (3)]
  2372 | D:2      | HP: 1/31 [bat (1)]
  2382 | D:2      | HP: 1/31 [kobold/+0 club (1)]
  2382 | D:2      | Slain by a jackal

Illustrated notes

Levels and vault maps discovered:
D:1:      lightli_arrival_windingriver, layout_basic,
          shapermc_ecumenical_altar_mp_vishouse
D:2:      layout_basic, serial_bayou_lagoon_a

Skill      XL: |  1  2  3 |
---------------+----------+-----
Stealth        | 2 |  2.3
Dodging        | 3 |  3.0
Spellcasting   | |  2.8
Invocations    | |  0.4

Action                   |  1- 3 |  4- 6 || total
-------------------------+-------+-------++-------
Melee: Dagger            |   104 |     5 ||   109
 Cast: Magic Dart        |     4 |       ||     4
  Use: Potion            |     1 |       ||     1
       Scroll            |     3 |     1 ||     4
 Stab: Sleeping          |     8 |       ||     8
Armor: Robe              |    15 |     5 ||    20
Dodge: Dodged            |    95 |    16 ||   111

Table legend: (Time is in decaauts)
 A = Elapsed time spent in this place.
 B = Non-inter-level travel time spent in this place.
 C = Inter-level travel time spent in this place.
 D = Time resting spent in this place.
 E = Time spent auto-exploring this place.
 F = Levels seen in this place.
 G = Mean time per level.
                   A        B        C        D        E       F      G
               +--------+--------+--------+--------+--------+-----+--------+
         Total |   2379 |   2353 |     26 |   1020 |   1011 |   2 | 1189.5 |
       Dungeon |   2379 |   2353 |     26 |   1020 |   1011 |   2 | 1189.5 |
               +--------+--------+--------+--------+--------+-----+--------+

Top non-repeatable levels by time:
     D:1: 2220 daAuts
     D:2: 159 daAuts
